 Dungeon Crawl Stone Soup version 0.27-a0-1081-ge8a0a9c698 (webtiles) character file.

Game seed: 16630784090495074054

107608 dolemite99 the Grappler (level 16, 0/158 HPs)
             Began as a Troll Monk on Apr 14, 2021.
             Was a Priest of Makhleb.
             Slain by a catoblepas (24 damage)
             ... led by Polyphemus
             ... on level 2 of the Shoals on Apr 26, 2021.
             The game lasted 01:35:42 (34049 turns).

dolemite99 the Grappler (Troll Monk)               Turns: 34049, Time: 01:35:42

Health: 0/158      AC: 17    Str: 26    XL:     16   Next: 0%
Magic:  21/21      EV:  8    Int:  7    God:    Makhleb [***...]
Gold:   728        SH: 17    Dex: 13    Spells: 4/19 levels left

rFire    x . .     SeeInvis .     - Unarmed
rCold    + + .     Faith    .   Z - +1 kite shield {AC+3}
rNeg     . . .     Spirit   .   O - +0 ice dragon scales
rPois    .         Reflect  +   (helmet restricted)
rElec    .         Harm     .   P - +1 cloak
rCorr    .         Rampage  .   (gloves unavailable)
Will     ++...                  (boots unavailable)
Stlth    ..........             e - amulet of reflection
HPRegen  1.36/turn              q - ring of wizardry {=R}
MPRegen  0.17/turn              z - ring of willpower

@: no status effects
A: large, unfitting armour, claws 3, regeneration 1, shaggy fur 1, tough skin 1
a: Renounce Religion, Minor Destruction, Lesser Servant of Makhleb


You were on level 2 of the Shoals.
You worshipped Makhleb.
Makhleb was most pleased with you.
You visited 5 branches of the dungeon, and saw 26 of its levels.
You also visited: Gauntlet.

You collected 3755 gold pieces.
You spent 3027 gold pieces at shops.

Inventory:

Hand Weapons
 a - a +2 hand crossbow of flaming
 i - the +8 mithril axe "Arga" {speed, Will+}
   (You found it on level 4 of the Lair of Beasts)

   Attacks with this weapon are significantly faster.
   It increases your willpower.
 w - the +7 broad axe "Nodwar" {vorpal, rElec rPois}
   (You found it in a Gauntlet)

   It inflicts extra damage upon your enemies.
   It insulates you from electricity.
   It protects you from poison.
 W - the +4 war axe of Fabulous Innocence {vorpal, rPois rCorr SInv Stlth-}
   (You found it on level 3 of the Lair of Beasts)

   It inflicts extra damage upon your enemies.
   It protects you from poison.
   It lets you see invisible.
   It protects you from acid and corrosion.
   It makes you less stealthy.
Missiles
 l - 168 bolts
 s - 2 throwing nets
 y - 30 poisoned darts
 B - 46 boomerangs
 J - 7 javelins (quivered)
 M - 6 curare-tipped darts
 U - 5 datura-tipped darts {# demons are vulnerable.}
 X - 10 large rocks
 Y - 4 silver javelins
Armour
 O - +0 ice dragon scales (worn)
 P - a +1 cloak (worn)
 Z - a +1 kite shield of protection (worn)
Jewellery
 c - a +6 ring of intelligence
 d - a ring of ice
 e - an amulet of reflection (around neck)
 f - a ring of see invisible
 j - a ring of protection from cold
 n - a ring of poison resistance
 o - a ring of fire
 q - a ring of wizardry (left claw) {=R}
 t - a +6 ring of dexterity
 z - a ring of willpower (right claw)
Wands
 h - a wand of digging (10)
 p - a wand of polymorph (44)
 F - a wand of iceblast (16)
 I - a wand of paralysis (1)
Scrolls
 k - 2 scrolls of vulnerability
 m - 3 scrolls of torment
 C - a scroll of brand weapon
 D - 6 scrolls of magic mapping
 H - 2 scrolls of holy word
 K - 7 scrolls of identify {@r1}
 Q - 11 scrolls of teleportation
 R - a scroll of enchant weapon
Potions
 g - a potion of attraction {unknown}
 u - 3 potions of cancellation
 v - 2 potions of resistance
 x - 3 potions of brilliance
 A - 2 potions of lignification
 E - 3 potions of magic
 L - a potion of berserk rage
 N - a potion of flight
 S - 2 potions of curing
 V - 3 potions of ambrosia
Miscellaneous
 b - a tin of tremorstones (inert)
 G - a condenser vane (inert)
 T - a phial of floods (inert)


   Skills:
 + Level 10.3 Fighting
 - Level 0.8 Short Blades
 - Level 2.0 Crossbows
 - Level 9.9 Throwing
 - Level 3.8 Armour
 - Level 3.5 Dodging
 - Level 1.0 Stealth
 + Level 8.3 Shields
 - Level 12.7 Unarmed Combat
 - Level 2.0 Spellcasting
 - Level 8.7 Necromancy
 - Level 3.0 Translocations
 - Level 7.0 Transmutations
 - Level 8.3 Invocations
 - Level 4.0 Evocations


You had 4 spell levels left.
You knew the following spells:

 Your Spells              Type           Power      Damage    Failure   Level
a - Call Imp              Summ           0%         N/A       54%         2
b - Wereblood             Tmut           10%        N/A       4%          2
c - Animate Skeleton      Necr           24%        N/A       1%          1
d - Passwall              Tmut/Erth      4%         N/A       16%         2
e - Blink                 Tloc           N/A        N/A       21%         2
f - Mephitic Cloud        Conj/Pois/Air  0%         N/A       77%         3
g - Dazzling Flash        Conj/Hex       0%         N/A       77%         3

Your spell library contained the following spells:

 Spells                   Type           Power      Damage    Failure   Level
 Pain                     Necr           48%        1d6       1%          1
 Beastly Appendage        Tmut           20%        N/A       2%          1
 Vampiric Draining        Necr           6%         2d6       4%          3
 Animate Dead             Necr           6%         N/A       13%         4
 Apportation              Tloc           8%         N/A       14%         1
 Spider Form              Tmut/Pois      2%         N/A       32%         3
 Corona                   Hex            0%         N/A       41%         1
 Foxfire                  Conj/Fire      0%         2x1d4     41%         1
 Freeze                   Ice            0%         1d3       41%         1
 Magic Dart               Conj           0%         1d3       41%         1
 Sandblast                Erth           0%         2d4       41%         1
 Summon Small Mammal      Summ           0%         N/A       41%         1
 Ensorcelled Hibernation  Hex/Ice        0%         N/A       54%         2
 Slow                     Hex            0%         N/A       54%         2
 Ice Form                 Ice/Tmut       5%         N/A       69%         4
 Petrify                  Tmut/Erth      5%         N/A       69%         4
 Confusing Touch          Hex            0%         N/A       77%         3
 Conjure Flame            Conj/Fire      0%         6-21      77%         3
 Frozen Ramparts          Ice            0%         1d2       77%         3
 Inner Flame              Hex/Fire       0%         N/A       77%         3
 Ozocubu's Armour         Ice            0%         N/A       77%         3
 Stone Arrow              Conj/Erth      0%         3d7       77%         3
 Tukima's Dance           Hex            0%         N/A       77%         3
 Animate Armour           Summ/Erth      0%         N/A       98%         4
 Hailstorm                Conj/Ice       0%         3d3       98%         4
 Sticky Flame             Conj/Fire      0%         2d3       98%         4
 Agony                    Necr           12%        N/A       34%         5
 Hydra Form               Tmut           5%         N/A       56%         5
 Borgnjor's Vile Clutch   Necr/Erth      3%         N/A       89%         5
 Irradiate                Conj/Tmut      2%         3d14      95%         5
 Fireball                 Conj/Fire      0%         3d3       100%        5
 Lee's Rapid Deconstruct  Erth           0%         3d5*      100%        5
 Metabolic Englaciation   Hex/Ice        0%         N/A       100%        5
 Silence                  Hex/Air        0%         N/A       100%        5
 Shadow Creatures         Summ           N/A        N/A       100%        6
 Ozocubu's Refrigeration  Ice            0%         4d5       100%        7


Dungeon Overview and Level Annotations

Branches:
Dungeon (15/15)            Temple (0/1) D:6            Lair (6/6) D:10
 Shoals (2/4) Lair:2       Spider (1/4) Lair:2        Slime (0/5) Lair:6
    Orc (2/2) D:9             Elf (0/3) Orc:2        Vaults (0/5) D:13
 Depths (0/5) D:15        Gauntlet (visited)

Altars:
Cheibriados
Fedhas
Gozag
Makhleb
Nemelex Xobeh
Qazlal
Ru
Sif Muna
Trog
Vehumet
Wu Jian
Zin
Beogh
Jiyva

Shops:
D:6 [   D:9 (   D:11 *   D:12 ?   Orc:2 ([:[

Portals:
Abyss: Shoals:1

Annotations:
D:9 2 transporters, pokeman's ghost, journeyman DEWz
Lair:5 exclusion: downstairs
Shoals:1 2 transporters, Zoviteac's ghost, adept SpVM
Shoals:2 Polyphemus
Spider:1 Frances


Innate Abilities, Weirdness & Mutations

You are too large for most types of armour.
You have claws for hands.
Your natural rate of healing is unusually fast.
You are covered in fur. (AC +1)
You have tough skin. (AC +1)


Message History

Aim: Polyphemus, quivering large rocks (severely wounded, waterlogged, 88% to hit)
You throw a javelin.
The javelin pierces through Polyphemus but does no damage.
Polyphemus is severely wounded.
You hear a splash.
Polyphemus throws a large rock.
The large rock hits you!!
Throw: 10 javelins
Press: ? - help, Q - select action, (/) - cycle Shift-Dir - straight line, f/p - Polyphemus
Aim: Polyphemus, quivering large rocks (severely wounded, waterlogged, 88% to hit)
You throw a javelin. The javelin pierces through Polyphemus!
Polyphemus is severely wounded.
You hear a splash.
Polyphemus looks around for something heavy to throw at you.
Throw: 9 javelins
Press: ? - help, Q - select action, (/) - cycle Shift-Dir - straight line, f/p - Polyphemus
Aim: Polyphemus, quivering large rocks (severely wounded, waterlogged, 88% to hit)
You throw a javelin. The javelin pierces through Polyphemus.
Polyphemus is severely wounded.
You hear a splash.
Polyphemus throws a large rock.
The large rock hits you!!
A catoblepas comes into view.
Throw: 8 javelins
Press: ? - help, Q - select action, (/) - cycle Shift-Dir - straight line, f/p - Polyphemus
Aim: Polyphemus, quivering large rocks (severely wounded, waterlogged, 88% to hit)
You throw a javelin. The catoblepas bellows!
The javelin pierces through Polyphemus.
Polyphemus is severely wounded.
You hear a splash.
You hear a bellow! x2
Polyphemus throws a large rock.
The large rock hits you!!!
* * * LOW HITPOINT WARNING * * *
Okay, then.
Okay, then.
You feel better.
Polyphemus throws a large rock.
The large rock closely misses you.
Polyphemus throws the catoblepas at you!
* * * LOW HITPOINT WARNING * * *
The catoblepas gores you!!
You die...

≈≈≈≈≈≈..####..≈≈P≈≈≈≈≈
≈≈≈≈.....#.[...≈P≈≈≈P≈
≈≈≈..####.....≈≈..PPP≈
.≈≈.. ##..≈≈≈≈P}.PP≈
.... ##.≈P≈≈P≈..PP
≈≈... ##..≈≈PP≈≈...
≈P.... #...≈≈...≈≈P≈
.....## ####Y.......≈
.......#####.@......≈
.P.............P.....
P≈≈.P..........###...
P≈P≈.........### #..≈
≈≈≈≈P≈≈....≈C####....
≈≈≈≈≈≈..#.≈...#......
≈≈≈≈≈≈.####≈≈.....#
≈≈≈≈≈.# #((....###
≈≈≈..# ##..........


You could see Polyphemus (waterlogged) and a catoblepas.

Vanquished Creatures
  A dire elephant (Lair:6)
  A minotaur (Gauntlet)
  An entropy weaver (Gauntlet)
  An ettin (D:15)
  Josephine (D:15)
  A great orb of eyes (Gauntlet)
  2 boulder beetles
  3 hydras
  3 centaur warriors (D:13)
  A merfolk avatar (Shoals:2)
  A catoblepas (Lair:6)
  A two-headed ogre (Orc:2)
  4 death yaks
  2 death knights
  A tengu warrior (D:15)
  A hell knight (D:15)
  2 orc high priests (Orc:2)
  Sonja (D:11)
  Nergalle (D:11)
  3 skeletal warriors
  3 sea snakes
  A deep troll (D:15)
  Pikel (D:4)
  4 orc knights
  A wolf spider (Spider:1)
  24 ugly things
  2 deep elf pyromancers (D:13)
  3 fauns (Shoals:1)
  5 orc sorcerers
  3 cyclopes
  4 manticores
  6 black mambas
  6 elephants (Lair:2)
  4 merfolk sirens
  Maurice (D:9)
  10 cane toads
  An unseen horror (D:12)
  A minotaur zombie (Gauntlet)
  4 efreet
  7 rime drakes
  5 yaktaurs (D:15)
  3 kobold demonologists
  A freezing wraith (D:13)
  13 komodo dragons
  An ice devil (Gauntlet)
  2 tengu conjurers (D:15)
  A queen bee (D:12)
  3 meliai (D:12)
  10 merfolk
  5 trolls
  A jumping spider (Gauntlet)
  5 polar bears
  2 hornets (Lair:6)
  3 dream sheep
  11 blink frogs
  A snapping turtle (Shoals:1)
  A redback (Spider:1)
  Sigmund (D:4)
  35 yaks
  A tarantella (Spider:1)
  2 wyverns
  A centaur simulacrum (D:14)
  3 water elementals
  A vampire (D:13)
  Eustachio (D:5)
  2 shadows
  10 wraiths
  7 basilisks
  2 steam dragons
  6 vampire mosquitoes
  5 wargs
  An acid dragon (D:9)
  17 water moccasins
  18 orc warriors
  2 sky beasts
  10 ice beasts
  A necrophage (D:7)
  11 ogres
  14 wolves
  A phantom (D:7)
  5 centaurs
  3 lemures (D:5)
  6 kobold brigands
  13 bullfrogs
  A gnoll sergeant (D:12)
  A wyvern zombie (D:9)
  2 scorpions
  A wyvern skeleton (D:6)
  20 killer bees
  3 wights
  2 howler monkeys (D:9)
  A bullfrog zombie (D:5)
  3 centaur zombies
  5 jellies
  29 orc priests
  A hound (D:5)
  A bullfrog skeleton (D:7)
  2 iguanas
  A centaur skeleton (D:7)
  21 orc wizards
  Natasha (thrice) (D:2)
  A howler monkey zombie (D:8)
  10 gnolls
  7 adders
  2 shadow imps
  6 white imps
  A worm (D:2)
  4 dart slugs
  74 orcs
  5 ball pythons
  7 endoplasms
  2 giant cockroaches
  5 goblins
  6 hobgoblins
  5 jackals (D:2)
  7 quokkas
  7 bats
  2 frilled lizards (D:1)
  15 kobolds
  5 rats
638 creatures vanquished.

Vanquished Creatures (collateral kills)
  Jorgrun (D:13)
  An orc warlord (Orc:2)
  2 merfolk impalers (Shoals:1)
  Fannar (D:11)
  Harold (D:9)
  A boulder beetle (D:11)
  A merfolk avatar (Lair:6)
  5 hydras
  A centaur warrior (D:13)
  A two-headed ogre (Orc:2)
  2 death yaks (Lair:2)
  2 tengu warriors (D:14)
  2 orc high priests (Orc:2)
  A sea snake (Shoals:1)
  2 orc knights (Orc:2)
  3 orc sorcerers
  2 fauns (Shoals:1)
  An elephant (Lair:6)
  2 merfolk sirens (Shoals:1)
  A black mamba (Lair:3)
  2 cane toads
  2 rime drakes (Lair:6)
  An efreet (D:13)
  2 komodo dragons
  2 polar bears
  2 hornets (Lair:6)
  3 blink frogs
  4 slime creatures (D:12)
  A water elemental (Shoals:1)
  10 yaks
  A wraith (D:14)
  2 basilisks
  A vampire mosquito (D:11)
  4 wargs
  4 water moccasins
  15 orc warriors
  7 ogres (Orc:2)
  A centaur (Shoals:1)
  3 wolves (Lair:4)
  A bullfrog (Lair:2)
  9 killer bees
  9 orc priests
  7 orc wizards
  A howler monkey zombie (D:9)
  50 orcs
177 creatures vanquished.

Vanquished Creatures (others)
  A wizard (D:14)
  A black mamba (Lair:2)
  A kobold brigand (D:12)
  A bullfrog (Lair:2)
  An orc (Orc:1)
  A kobold (D:9)
  36 fungi
  76 plants
118 creatures vanquished.

Grand Total: 933 creatures vanquished

Notes
Turn   | Place    | Note
-------+----------+-------------------------------------------
     0 | D:1      | dolemite99 the Troll Monk began the quest for the Orb.
     0 | D:1      | Reached XP level 1. HP: 22/22 MP: 0/0
    91 | D:1      | Reached XP level 2. HP: 29/29 MP: 1/1
   368 | D:1      | Reached skill level 4 in Unarmed Combat
   552 | D:2      | Reached XP level 3. HP: 36/36 MP: 2/2
   658 | D:2      | Noticed Natasha
   681 | D:2      | Killed Natasha
   703 | D:2      | Reached skill level 5 in Unarmed Combat
   703 | D:2      | Reached XP level 4. HP: 12/44 MP: 3/3
  1111 | D:2      | Noticed Natasha
  1115 | D:2      | Killed Natasha
  1116 | D:2      | Reached XP level 5. HP: 50/50 MP: 4/4
  1128 | D:2      | Reached skill level 6 in Unarmed Combat
  1450 | D:2      | Noticed Natasha
  1460 | D:2      | Killed Natasha
  1744 | D:3      | Found a faded altar of an unknown god.
  2101 | D:4      | Noticed Sigmund
  2111 | D:4      | Upgraded the game from 0.27-a0-972-gd1521fd518 to
                  | 0.27-a0-1081-ge8a0a9c698
  2122 | D:4      | Killed Sigmund
  2123 | D:4      | Reached skill level 7 in Unarmed Combat
  2123 | D:4      | Reached XP level 6. HP: 23/59 MP: 5/5
  2391 | D:4      | Found a burning altar of Makhleb.
  2393 | D:4      | Found a glowing silver altar of Zin.
  2394 | D:4      | Noticed a balrug
  2394 | D:4      | Noticed an angel
  2405 | D:4      | Became a worshipper of Makhleb the Destroyer
  2405 | D:4      | Reached * piety under Makhleb
  2405 | D:4      | Reached ** piety under Makhleb
  3092 | D:5      | Entered Level 5 of the Dungeon
  3134 | D:5      | Noticed an ice beast
  3142 | D:5      | Killed an ice beast
  3143 | D:5      | Reached skill level 8 in Unarmed Combat
  3143 | D:5      | Reached XP level 7. HP: 66/66 MP: 6/6
  3515 | D:5      | Noticed a vampire
  3546 | D:5      | Found an opulent altar of Gozag.
  3593 | D:5      | Noticed Eustachio
  4069 | D:5      | Killed Eustachio
  4070 | D:5      | Reached skill level 9 in Unarmed Combat
  4076 | D:5      | Noticed Pikel
  4184 | D:4      | Killed Pikel
  4185 | D:4      | Reached skill level 10 in Unarmed Combat
  4185 | D:4      | Reached XP level 8. HP: 48/74 MP: 7/7
  4456 | D:5      | Reached skill level 1 in Shields
  4497 | D:5      | Found a sacrificial altar of Ru.
  4687 | D:6      | Found Cegheawi's Armour Boutique.
  4731 | D:6      | Identified a scroll of acquirement
  4731 | D:6      | Acquired 1029 gold pieces
  5262 | D:6      | Reached XP level 9. HP: 80/80 MP: 8/8
  5345 | D:6      | Reached skill level 5 in Shields
  5368 | D:6      | Found a staircase to the Ecumenical Temple.
  5599 | D:6      | Learned a level 2 spell: Blink
  5601 | D:6      | Learned a level 1 spell: Animate Skeleton
  5604 | D:6      | Learned a level 2 spell: Call Imp
  5607 | D:6      | Learned a level 2 spell: Passwall
  5609 | D:6      | Learned a level 1 spell: Apportation
  6270 | D:7      | Reached skill level 1 in Invocations
  6424 | D:7      | Reached *** piety under Makhleb
  6645 | D:7      | Found a sparkling altar of Nemelex Xobeh.
  6785 | D:7      | Found a bloodstained altar of Trog.
  6827 | D:7      | Found a snail-covered altar of Cheibriados.
  6925 | D:7      | Found a stormy altar of Qazlal.
  6931 | D:7      | Found an ornate altar of the Wu Jian Council.
  6946 | D:7      | Found a blossoming altar of Fedhas.
  7254 | D:8      | Reached skill level 5 in Invocations
  8223 | D:9      | Noticed Maurice
  9239 | D:9      | Found a transporter.
  9244 | D:9      | Found Pomihaer's Weapon Shop.
  9287 | D:9      | Found a transporter.
  9287 | D:9      | Noticed a two-headed ogre
  9287 | D:9      | Noticed pokeman's ghost (journeyman DEWz)
  9289 | D:9      | Identified the +9 dire flail of Rejar {spect, Int+2}
  9289 | D:9      | Noticed a two-headed ogre
  9291 | D:9      | Noticed a two-headed ogre
  9433 | D:9      | Reached XP level 10. HP: 88/88 MP: 13/13
  9452 | D:9      | Reached skill level 1 in Crossbows
  9654 | D:9      | Killed Maurice
  9843 | D:9      | Noticed Harold
  9867 | D:9      | Killed Harold
 10079 | D:9      | Found a staircase to the Orcish Mines.
 10695 | D:10     | Entered Level 10 of the Dungeon
 10718 | D:10     | Found a radiant altar of Vehumet.
 10820 | D:10     | Reached skill level 1 in Armour
 11158 | D:10     | Found a shimmering blue altar of Sif Muna.
 11199 | D:10     | Found a staircase to the Lair.
 11306 | D:10     | Reached skill level 1 in Throwing
 12162 | D:11     | Found a frozen archway.
 12451 | D:11     | Reached XP level 11. HP: 96/97 MP: 14/14
 12521 | D:11     | Noticed Sonja
 12543 | D:11     | Killed Sonja
 12592 | D:11     | Noticed Fannar
 12603 | D:11     | Reached skill level 5 in Throwing
 12640 | D:11     | Killed Fannar
 13150 | D:11     | Noticed Nergalle
 13466 | D:11     | Found Josa's General Store.
 13472 | D:11     | Noticed a boulder beetle
 13482 | D:11     | Killed a boulder beetle
 13496 | D:11     | Bought a potion of curing for 45 gold pieces
 13496 | D:11     | Bought a scroll of identify for 30 gold pieces
 13496 | D:11     | Bought a potion of berserk rage for 75 gold pieces
 13496 | D:11     | Bought a phial of floods for 600 gold pieces
 13536 | D:11     | Killed Nergalle
 13802 | D:11     | Noticed a three-headed hydra
 13816 | D:11     | Killed a four-headed hydra
 14029 | Lair:1   | Entered Level 1 of the Lair of Beasts
 14113 | Lair:1   | Reached skill level 1 in Evocations
 14869 | Lair:1   | Reached skill level 5 in Fighting
 15424 | Lair:1   | Reached XP level 12. HP: 107/113 MP: 15/15
 15638 | Lair:2   | Found a hole to the Spider Nest.
 15915 | Lair:2   | Reached skill level 11 in Unarmed Combat
 15983 | Lair:2   | Found a staircase to the Shoals.
 16020 | Lair:2   | Noticed a death yak
 16048 | Lair:2   | Killed a death yak
 16048 | Lair:2   | Reached **** piety under Makhleb
 16350 | Lair:2   | Noticed a death yak
 16352 | Lair:2   | Noticed a death yak
 16363 | Lair:2   | Noticed a death yak
 16406 | Lair:2   | Killed a death yak
 16423 | Lair:2   | Killed a death yak
 16429 | Lair:2   | Killed a death yak
 17210 | Lair:3   | Noticed a five-headed hydra
 17222 | Lair:3   | Killed a five-headed hydra
 17582 | Lair:3   | Noticed a five-headed hydra
 17589 | Lair:3   | Identified the +4 war axe of Fabulous Innocence {vorpal,
                  | rPois rCorr SInv Stlth-}
 17601 | Lair:3   | Killed a six-headed hydra
 17800 | Lair:3   | Reached skill level 12 in Unarmed Combat
 17800 | Lair:3   | Reached XP level 13. HP: 115/128 MP: 17/17
 18453 | Lair:4   | You fall into a shaft and drop 2 floors!
 18453 | Lair:6   | Entered Level 6 of the Lair of Beasts
 18626 | Lair:4   | Learned a level 2 spell: Wereblood
 18660 | Lair:4   | Reached skill level 1 in Transmutations
 18662 | Lair:4   | Found the +8 mithril axe "Arga" {speed, Will+}
 20463 | Lair:6   | Noticed a dire elephant
 20476 | Lair:6   | Killed a dire elephant
 20496 | Lair:6   | Reached skill level 5 in Transmutations
 20523 | Lair:6   | Paralysed by a hornet for 1 turns
 21100 | Lair:6   | Found a viscous altar of Jiyva.
 21100 | Lair:6   | Found a staircase to the Slime Pits.
 21453 | Lair:6   | Reached XP level 14. HP: 137/137 MP: 19/19
 21593 | Lair:6   | Reached skill level 1 in Spellcasting
 21786 | D:9      | Bought 5 datura-tipped darts for 20 gold pieces
 21933 | D:12     | Reached skill level 1 in Translocations
 22682 | D:12     | Found Kuomai's Magic Scroll Shoppe.
 22690 | D:12     | Bought a scroll of holy word for 97 gold pieces
 22690 | D:12     | Bought a scroll of fog for 26 gold pieces
 22690 | D:12     | Bought a scroll of teleportation for 39 gold pieces
 22690 | D:12     | Bought a scroll of teleportation for 39 gold pieces
 22690 | D:12     | Bought a scroll of acquirement for 676 gold pieces
 22694 | D:12     | Acquired a +0 kite shield of protection
 23742 | Orc:1    | Entered Level 1 of the Orcish Mines
 23949 | Orc:2    | Entered Level 2 of the Orcish Mines
 25046 | Orc:2    | Found Witaapru's Book Boutique.
 25055 | Orc:2    | Learned a level 3 spell: Mephitic Cloud
 25059 | Orc:2    | Learned a level 3 spell: Dazzling Flash
 25069 | Orc:2    | Found Eroxzaof's Armour Shop.
 25080 | Orc:2    | Reached skill level 1 in Necromancy
 25561 | Orc:2    | Noticed an orc warlord
 25576 | Orc:2    | Killed an orc warlord
 25695 | Orc:2    | Found Ziud's Antique Armour Boutique.
 25712 | Orc:2    | Bought ice dragon scales for 1380 gold pieces
 25754 | Orc:2    | Found Peecowk's Antique Weapon Shop.
 26055 | Orc:2    | Found a staircase to the Elven Halls.
 26122 | Orc:2    | Paralysed by an orc sorcerer for 7 turns
 26162 | Orc:2    | Reached skill level 5 in Necromancy
 27320 | D:13     | Noticed Jorgrun
 27336 | D:13     | Killed Jorgrun
 28191 | D:13     | Found a gate to the Vaults.
 28925 | D:14     | Found a gate leading to a gauntlet.
 28938 | D:14     | Reached XP level 15. HP: 138/145 MP: 20/20
 28953 | Gauntlet | Entered a Gauntlet
 28953 | Gauntlet | Found a transporter.
 28953 | Gauntlet | Found a runed translucent door.
 28953 | Gauntlet | Found a transporter.
 28954 | Gauntlet | Found a runed translucent door.
 28966 | Gauntlet | Found a transporter.
 28980 | Gauntlet | Found a large runed translucent door.
 28981 | Gauntlet | Found a large runed translucent door.
 28982 | Gauntlet | Found a large runed translucent door.
 28982 | Gauntlet | Found a large runed translucent door.
 28982 | Gauntlet | Found a large runed translucent door.
 28982 | Gauntlet | Found a large runed translucent door.
 28982 | Gauntlet | Found a large runed translucent door.
 28982 | Gauntlet | Found a large runed translucent door.
 28983 | Gauntlet | Found a runed translucent door.
 28983 | Gauntlet | Found a runed translucent gate.
 28984 | Gauntlet | Found a transporter.
 28984 | Gauntlet | Found a runed translucent gate.
 28984 | Gauntlet | Found a transporter.
 28984 | Gauntlet | Found a transporter.
 28986 | Gauntlet | Found a transporter.
 28986 | Gauntlet | Found a transporter.
 29000 | Gauntlet | Found a transporter.
 29016 | Gauntlet | Found a transporter.
 29026 | Gauntlet | Found a transporter.
 29031 | Gauntlet | Found a transporter.
 29057 | Gauntlet | Found a large runed translucent door.
 29058 | Gauntlet | Found a large runed translucent door.
 29059 | Gauntlet | Found a large runed translucent door.
 29059 | Gauntlet | Found a large runed translucent door.
 29059 | Gauntlet | Found a large runed translucent door.
 29059 | Gauntlet | Found a large runed translucent door.
 29060 | Gauntlet | Found a large runed translucent door.
 29060 | Gauntlet | Found a large runed translucent door.
 29060 | Gauntlet | Found a runed translucent gate.
 29060 | Gauntlet | Found a runed translucent door.
 29065 | Gauntlet | Found a transporter.
 29078 | Gauntlet | Found a transporter.
 29519 | Gauntlet | Identified the +7 broad axe "Nodwar" {vorpal, rElec rPois}
 29519 | Gauntlet | Identified the Tome of Transformation and Snow
 30579 | D:15     | Entered Level 15 of the Dungeon
 31182 | D:15     | Noticed Josephine
 31193 | D:15     | Killed Josephine
 31391 | D:15     | Found a staircase to the Depths.
 32329 | Spider:1 | Entered Level 1 of the Spider Nest
 32339 | Spider:1 | Noticed Frances
 32430 | Shoals:1 | Entered Level 1 of the Shoals
 32748 | Shoals:1 | Found a transporter.
 32762 | Shoals:1 | Found a transporter.
 32769 | Shoals:1 | Noticed Zoviteac's ghost (adept SpVM)
 32921 | Shoals:1 | Reached skill level 10 in Fighting
 33328 | Shoals:1 | Found a one-way gate to the infinite horrors of the Abyss.
 33913 | Shoals:2 | Identified the +0 robe "Zeklaemo" {Str-4 Slay+6}
 34001 | Shoals:2 | Reached XP level 16. HP: 158/158 MP: 21/21
 34026 | Shoals:2 | Noticed Polyphemus
 34049 | Shoals:2 | Slain by a catoblepas

Illustrated notes

Levels and vault maps discovered:
D:1:      dpeg_arrival_fog, layout_rooms
D:2:      layout_loops_ring, uniq_natasha
D:3:      layout_basic, ebering_ecumenical_altar_ruins, skrybe_limestone_x
D:4:      layout_loops_ring, grunt_temple_overflow_order_and_chaos_2,
          uniq_sigmund
D:5:      layout_rooms, nicolae_ru_sacrificial_ziggurat, grunt_gozag_statues,
          lightli_corner_chamber, uniq_pikel, uniq_eustachio
D:6:      layout_basic, minmay_temple_entry_fiery, serial_shops,
          kennysheep_mini, kennysheep_minor_cross, hangedman_decor_points
D:7:      layout_basic, lemuel_crystal_altar, jmf_multi_god_temple,
          minmay_overflow_temple_star_quad, serial_corexii_hall,
          chequers_hall_statues_y, corexii_hall_statues_l,
          corexii_hall_statues_u, chequers_hall_statues_wall_a
D:8:      layout_basic
D:9:      layout_roguey, hiddenorc1_lemuel, gammafunk_ghost_smash, serial_shops,
          nicolae_shop_waterfront, uniq_maurice, uniq_harold
D:10:     layout_roguey, overflow_temple_1_default, amcnicky_altar_gilded,
          erik_lair_orcish_takeover
D:11:     layout_basic, portal_ice_cave_entry_ice_beasts, serial_shops, shop,
          hangedman_ranch, uniq_nergalle, uniq_sonja, uniq_fannar
D:12:     layout_loops_corners, enter_bailey_7, serial_shops, shop_coins,
          minivault_7
D:13:     layout_grid_maze, skrybe_vaults_entry_preservation,
          kennysheep_generic_room_5, uniq_jorgrun
D:14:     layout_cross, gauntlet_entry_generic
D:15:     hangedman_depths_entry_civil_slaughter, layout_basic,
          serial_bayou_pond_d, uniq_josephine
Lair:1:   layout_cave_pods
Lair:2:   layout_small_grid, elwin_shoals_entry_stream, dummy_spider_entry,
          beast_lair_carwin_9, grunt_megastairs_4
Lair:3:   layout_gridlike, st_stairs_9, grunt_megastairs_2
Lair:4:   nzn_winding_woodlands_small [nzn_winding_woodlands_5x15_longhouse,
          nzn_winding_woodlands_center_triple_pond,
          nzn_winding_woodlands_5x15_jagged], layout_regular_city,
          lemuel_fruit_fields, grunt_megastairs_3
Lair:5:   layout_small_grid, lemuel_fruit_fields, lemuel_fruit_tree
Lair:6:   gammafunk_lair_ancient_temple, layout_cave_shapes,
          dpeg_slime_entry_enclosed_altar
Shoals:1: layout_shoals, gammafunk_ghost_abyssal_escape
Shoals:2: layout_shoals, uniq_polyphemus
Spider:1: layout_spider_delve, spiders_nest_hornet_nest, uniq_frances
Orc:1:    layout_caves
Orc:2:    pubby_orc_utopia

Skill      XL: |  1  2  3  4  5  6  7  8  9 10 11 12 13 14 15 |
---------------+----------------------------------------------+-----
Unarmed Combat | 4 5 7 8 10 12 | 12.7
Shields        | 4 5 6 8 |  8.3
Invocations    | 6 7 8 |  8.3
Crossbows      | 2 |  2.0
Fighting       | 3 5 8 10 | 10.3
Dodging        | 3 |  3.5
Armour         | 3 |  3.8
Throwing       | 4 7 8 9 |  9.9
Evocations     | 4 |  4.0
Transmutations | 6 7 |  7.0
Spellcasting   | 2 |  2.0
Translocations | 3 |  3.0
Necromancy     | 7 8 |  8.7
Short Blades   | |  0.8
Stealth        | |  1.0

Action                   |  1- 3 |  4- 6 |  7- 9 | 10-12 | 13-15 | 16-18 || total
-------------------------+-------+-------+-------+-------+-------+-------++-------
Melee: Unarmed           |    78 |   114 |   212 |   507 |  1055 |     2 ||  1968
       Punch             |     1 |       |       |       |       |       ||     1
       Hand crossbow     |       |       |     5 |       |       |       ||     5
       Dagger            |       |       |     5 |       |       |       ||     5
 Fire: Hand crossbow     |       |    29 |    70 |    41 |     6 |       ||   146
Throw: Stone             |       |     5 |     4 |       |       |       ||     9
       Dart              |       |       |       |    21 |    80 |       ||   101
       Javelin           |       |       |       |    23 |   216 |     9 ||   248
       Large rock        |       |       |       |       |     8 |       ||     8
       Throwing net      |       |       |       |       |     7 |       ||     7
       Boomerang         |       |       |       |       |     9 |       ||     9
 Cast: Wereblood         |       |       |       |       |    36 |       ||    36
       Animate Skeleton  |       |       |       |       |    19 |       ||    19
       Blink             |       |       |       |       |     2 |       ||     2
Invok: Minor Destruction |       |       |     8 |    59 |    41 |       ||   108
       Lesser Servant of |       |       |       |    36 |    84 |       ||   120
       Major Destruction |       |       |       |       |     1 |       ||     1
Evoke: Wand              |       |       |     2 |    41 |    47 |       ||    90
       Phial of floods   |       |       |       |     1 |     5 |     1 ||     7
       Tin of tremorston |       |       |       |     2 |     7 |       ||     9
       Condenser vane    |       |       |       |       |     3 |       ||     3
  Use: Potion            |       |     6 |     1 |    12 |    14 |     1 ||    34
       Scroll            |       |     1 |    17 |     7 |    24 |       ||    49
 Stab: Sleeping          |     4 |     3 |       |       |       |       ||     7
       Distracted        |       |       |       |     1 |     5 |       ||     6
       Paralysed         |       |       |       |     3 |    11 |       ||    14
       Held in net/web   |       |       |       |       |     1 |       ||     1
       Confused          |       |       |       |       |     4 |       ||     4
Armor: Robe              |    22 |    32 |    23 |    39 |       |       ||   116
       Skin              |     2 |       |       |       |     7 |       ||     9
       Acid dragon scale |       |       |       |   117 |   167 |       ||   284
       Ice dragon scales |       |       |       |       |   166 |       ||   166
Dodge: Dodged            |    34 |    30 |    46 |   182 |   237 |     1 ||   530
Block: Kite shield       |    16 |    55 |   171 |   554 |   912 |     3 ||  1711
       Reflection        |       |       |     8 |     8 |    47 |     2 ||    65

Table legend: (Time is in decaauts)
 A = Elapsed time spent in this place.
 B = Non-inter-level travel time spent in this place.
 C = Inter-level travel time spent in this place.
 D = Time resting spent in this place.
 E = Time spent auto-exploring this place.
 F = Levels seen in this place.
 G = Mean time per level.
                   A        B        C        D        E       F      G
               +--------+--------+--------+--------+--------+-----+--------+
         Total |  34156 |  32319 |   1837 |   8400 |  15678 |  27 | 1265.0 |
       Dungeon |  21211 |  19812 |   1399 |   6689 |   8755 |  15 | 1414.1 |
          Lair |   7711 |   7402 |    309 |   1111 |   4297 |   6 | 1285.2 |
        Shoals |   1739 |   1712 |     27 |    414 |    763 |   2 |  869.5 |
   Spider Nest |     25 |     25 |      0 |      0 |      0 |   1 |   25.0 |
  Orcish Mines |   2881 |   2781 |    100 |     66 |   1702 |   2 | 1440.5 |
      Gauntlet |    588 |    588 |      0 |    119 |    159 |   1 |  588.0 |
               +--------+--------+--------+--------+--------+-----+--------+

Top non-repeatable levels by time:
     D:9: 2749 daAuts
    D:13: 2265 daAuts
   Orc:2: 2110 daAuts
    D:12: 2085 daAuts
    D:11: 1935 daAuts
  Lair:2: 1876 daAuts
    D:10: 1841 daAuts
Shoals:1: 1581 daAuts
     D:4: 1549 daAuts
  Lair:1: 1405 daAuts
    D:15: 1341 daAuts
  Lair:6: 1289 daAuts
     D:6: 1288 daAuts
  Lair:4: 1240 daAuts
     D:5: 1120 daAuts
